AoeStats
← giml

Black Forest

508058539Analyzed
3v3 RM · 10d ago on Sep 20, 2026· 48m 47s· 6 players
Game mode
Random Map
Map size
Normal (6 player)
Population
200
Speed
Normal
Resources
Standard
Victory
Conquest
Starting age
Dark Age
Ending age
Imperial Age
RankedLock teamsTeams togetherTeam positionsShared explorationLock speedFull tech treeHidden civsTurbo modeCheats
Victory
Defeat
🇪🇸 Khmer · Spain
1222
+8
1098
+13
1012
+17
🇬🇧 Malay · United Kingdom
1112
-15
🇬🇧 Saracens · United Kingdom
1083
-15
🇬🇧 Franks · United Kingdom
902
-8
SammyG
12:29 Feudal Age
12:30 Man-at-Arms
13:07 Arson
15:43 Forging
17:22 Double-Bit Axe
22:40 Castle Age
21:26 Horse Collar
21:43 Stone Mining
21:43 Gold Mining
22:42 Scale Mail Armor
23:25 Squires
23:10 Gambesons
22:46 Long Swordsman
23:46 Chain Mail Armor
24:10 Wheelbarrow
25:18 Iron Casting
26:06 Loom
28:48 Hand Cart
32:38 Town Watch
33:25 Heavy Plow
35:48 Gold Shaft Mining
42:25 Imperial Age
40:40 Bow Saw
40:42 Scale Barding Armor
40:30 Fletching
40:40 Padded Archer Armor
41:12 Masonry
40:44 Treadmill Crane
41:16 Fortified Wall
41:02 Murder Holes
41:51 Ballistics
42:30 Chain Barding Armor
44:08 Plate Barding Armor
43:29 Bodkin Arrow
43:50 Leather Archer Armor
43:51 Counterweights
44:02 Conscription
43:15 Elite Mameluke
44:33 Hoardings
giml
8:37 Loom
11:06 Feudal Age
10:45 Double-Bit Axe
14:45 Horse Collar
19:39 Castle Age
18:09 Stone Mining
21:06 Bow Saw
20:56 Heavy Plow
25:46 Wheelbarrow
25:29 Gold Mining
26:14 Stone Shaft Mining
26:45 Forging
35:04 Imperial Age
33:28 Caravan
33:00 Pikeman
33:59 Squires
34:53 Squires
35:44 Conscription
35:33 Halberdier
37:25 Halberdier
38:06 Squires
38:52 Forced Levy
38:15 Elite Karambit Warrior
40:30 Forced Levy
43:27 Forging
43:20 Padded Archer Armor
sethaniel97
11:06 Feudal Age
11:32 Double-Bit Axe
16:05 Castle Age
18:39 Wheelbarrow
22:33 Scale Barding Armor
22:44 Gold Mining
24:44 Hand Cart
25:00 Bow Saw
25:14 Loom
26:02 Forging
31:05 Gold Shaft Mining
31:34 Chain Barding Armor
31:50 Iron Casting
33:47 Imperial Age
31:57 Town Watch
33:45 Husbandry
35:13 Plate Barding Armor
34:02 Cavalier
35:34 Caravan
36:53 Blast Furnace
35:57 Fletching
35:53 Paladin
39:12 Bodkin Arrow
39:42 Ballistics
45:51 Squires
45:11 Pikeman
45:57 Scale Mail Armor
46:52 Halberdier
[JGPTK] Sagital31
7:40 Loom
12:08 Feudal Age
13:16 Double-Bit Axe
16:13 Castle Age
14:06 Horse Collar
17:16 Bow Saw
20:45 Wheelbarrow
21:35 Heavy Plow
22:59 Hand Cart
24:25 Town Watch
29:18 Caravan
31:50 Imperial Age
31:08 Bloodlines
30:59 Husbandry
30:19 Light Cavalry
32:09 Scale Barding Armor
31:53 Hussar
32:47 Forging
35:58 Chain Barding Armor
36:15 Iron Casting
36:21 Conscription
37:28 Double Crossbow
40:03 Siege Engineers
40:59 Chemistry
40:11 Masonry
40:22 Ballistics
40:21 Gold Mining
39:54 Heavy Scorpion
41:41 Gold Shaft Mining
42:16 Blast Furnace
41:52 Plate Barding Armor
43:47 Architecture
43:58 Hoardings
[JGPTK] AntonioStekelenburg
4:13 Loom
11:17 Feudal Age
15:17 Castle Age
13:08 Double-Bit Axe
17:02 Horse Collar
19:30 Wheelbarrow
22:55 Hand Cart
24:18 Heavy Plow
26:58 Husbandry
27:12 Bloodlines
31:00 Imperial Age
30:25 Scale Barding Armor
30:31 Forging
31:25 Cavalier
33:36 Fletching
34:21 Iron Casting
34:06 Paladin
43:22 Caravan
45:01 Chain Barding Armor
44:37 Bodkin Arrow
48:18 Crop Rotation
[JGPTK] Almirante Ackbar
1:06 Loom
13:18 Feudal Age
14:55 Double-Bit Axe
15:29 Town Watch
17:30 Horse Collar
18:39 Wheelbarrow
20:20 Fletching
24:00 Castle Age
25:04 Heavy Plow
25:16 Bow Saw
25:10 Bodkin Arrow
25:12 Stone Mining
28:24 Murder Holes
28:41 Fortified Wall
31:59 Masonry
32:21 Hand Cart
34:15 Town Patrol
35:43 Detinets
36:11 Scale Mail Armor
36:22 Forging
36:16 Squires
36:33 Man-at-Arms
37:34 Chain Mail Armor
38:46 Ballistics
39:11 Iron Casting
38:42 Long Swordsman
43:41 Imperial Age
42:03 Gold Mining
42:29 Caravan
43:00 Coinage
44:28 Siege Engineers
45:24 Chemistry
44:46 Conscription
43:54 Two-Handed Swordsman
45:36 Blast Furnace
45:07 Plate Mail Armor
45:13 Banking
45:43 Hoardings
44:39 Sappers
45:49 Crop Rotation
46:10 Champion
46:29 Pikeman
47:12 Druzhina
46:58 Halberdier
49:09 Two-Man Saw
Connection lost

Rejoining the realm…

Still unreachable

The connection could not be restored.

Session expired

The server has moved on; the page needs a fresh start.